 Dungeon Crawl Stone Soup version 0.30.1-4-g462c640d31 (webtiles) character file.

Game seed: 5133913856572878566

14 Bobit the Protected (level 2, -1/20 HPs)
             Began as a Gnoll Wanderer on Aug 11, 2023.
             Succumbed to an adder's poison
             ... on level 2 of the Dungeon.
             The game lasted 00:02:35 (842 turns).

Bobit the Protected (Gnoll Wanderer)                 Turns: 842, Time: 00:02:35

Health: -1/20      AC: 11    Str: 10 (12) XL:     2   Next: 41%
Magic:  2/2        EV:  6    Int:  7 (10) God:
Gold:   88         SH:  4    Dex: 10 (11) Spells: 1/1 levels left

rFire   . . .        a - +0 mace
rCold   . . .        c - +0 buckler
rNeg    . . .        b - +0 chain mail
rPois   .            (no helmet)
rElec   .            (no cloak)
rCorr   .            (no gloves)
SInv    .            (no boots)
Will    .....        (no amulet) Stlth
                     (no ring)
HPRegen 0.23/turn    (no ring)
MPRegen 0.08/turn

%: no passive effects
@: lethally poisoned (-1 -> -8), about to teleport
A: fangs 1, strong nose, distributed training
a: no special abilities


You were on level 2 of the Dungeon.
You visited 1 branch of the dungeon, and saw 2 of its levels.

You collected 88 gold pieces.

Inventory:

Hand Weapons
 a - a +0 mace (weapon)
Armour
 b - a +0 chain mail (worn)
 c - a +0 buckler (worn)
 f - a +0 chain mail
Scrolls
 e - a scroll of teleportation (quivered)
 g - a scroll of noise {unknown}
 h - a scroll of magic mapping {unknown}
 i - a scroll of blinking {unknown}


   Skills:
 + Level 0.4 Fighting
 + Level 0.4 Short Blades
 + Level 0.4 Long Blades
 + Level 0.4 Axes
 + Level 2.5 Maces & Flails
 + Level 0.4 Polearms
 + Level 0.4 Staves
 + Level 0.4 Ranged Weapons
 + Level 2.5 Throwing
 + Level 10.4 Armour
 + Level 0.4 Dodging
 + Level 2.2 Stealth
 + Level 2.5 Shields
 + Level 0.4 Unarmed Combat
 + Level 0.4 Spellcasting
 + Level 0.2 Conjurations
 + Level 0.2 Hexes
 + Level 0.2 Summonings
 + Level 0.2 Necromancy
 + Level 0.2 Translocations
 + Level 0.2 Transmutations
 + Level 0.2 Fire Magic
 + Level 0.2 Ice Magic
 + Level 0.2 Air Magic
 + Level 0.2 Earth Magic
 + Level 0.2 Poison Magic
 + Level 0.5 Invocations
 + Level 2.5 Evocations


You had one spell level left.
You didn't know any spells.
Your spell library was empty.

Dungeon Overview and Level Annotations

Branches:
Dungeon (2/15)

Altars:


Innate Abilities, Weirdness & Mutations

You have very sharp teeth.
Your uncanny sense of smell can sniff out nearby items.
Your experience applies equally to all skills.


Message History

The rat completely misses you.
You feel better.
The rat twitches its whiskers.
The rat barely misses you.
You closely miss the rat. Your bite misses the rat.
The rat bites you but does no damage.
You hit the rat.
You kill the rat!
The adder bites you but does no damage.
You closely miss the adder. Your bite misses the adder.
You block the adder's attack. The adder bites you.
You are poisoned.
The adder poisons you!
You hit the adder.
The adder is moderately wounded.
You feel sick. The adder bites you but does no damage.
You barely miss the adder.
The adder is moderately wounded.
You feel sick. The adder bites you. The adder closely misses you.
You completely miss the adder.
The adder is moderately wounded.
You feel sick. The adder bites you.
You are more poisoned.
The adder poisons you! The adder bites you.
You are more poisoned.
The adder poisons you!
It was a potion of degeneration.
There was something very wrong with that liquid.
You feel weakened.
You feel dopey.
You feel clumsy.
* * * LOW HITPOINT WARNING * * *
You feel very sick. The adder bites you but does no damage.
As you read the scroll labelled OVUOPN FOTEEWK, it crumbles to dust.
You feel strangely unstable.
It was a scroll of teleportation.
* * * LOW HITPOINT WARNING * * *
You feel very sick. The adder bites you.
* * * LOW HITPOINT WARNING * * *
The adder bites you but does no damage.
You die...

.... ...?...############# #
...................##.
.....................
..)$...............#
..!................#
.............###@#
............lSw#.# .#
.?...........#.#S##...#
.............#..w...#.
...!.........###.....# [#
...............####..##.###
...########....<..#..##...
... #....##.##.##.# ###
#......)......########


You could see an adder and a dart slug.

Vanquished Creatures
  3 bats (D:1)
  A hobgoblin (D:1)
  A ball python (D:1)
  A frilled lizard (D:1)
  2 kobolds
  7 rats
15 creatures vanquished.

Notes
Turn   | Place    | Note
-------+----------+-------------------------------------------
     0 | D:1      | Reached skill level 10 in Armour
     0 | D:1      | Bobit the Gnoll Wanderer began the quest for the Orb.
     0 | D:1      | Bobit set off with the following items: a +0 mace, a +0
                  | chain mail, a +0 buckler, a potion of curing.
     0 | D:1      | Reached XP level 1. HP: 13/13 MP: 1/1
   261 | D:1      | Reached XP level 2. HP: 15/19 MP: 2/2
   841 | D:2      | HP: 1/20 [adder (2)]
   842 | D:2      | Succumbed to an adder's poison

Illustrated notes

Levels and vault maps discovered:
D:1:      minmay_arrival_doors, layout_basic, minmay_rat_gold_closets
D:2:      layout_basic, minmay_pentomino_pile

Skill      XL: | |
---------------+-+-----
Armour         | | 10.4
Fighting       | |  0.4
Short Blades   | |  0.4
Long Blades    | |  0.4
Axes           | |  0.4
Maces & Flails | |  2.5
Polearms       | |  0.4
Staves         | |  0.4
Ranged Weapons | |  0.4
Throwing       | |  2.5
Dodging        | |  0.4
Stealth        | |  2.2
Shields        | |  2.5
Unarmed Combat | |  0.4
Spellcasting   | |  0.4
Conjurations   | |  0.2
Hexes          | |  0.2
Summonings     | |  0.2
Necromancy     | |  0.2
Translocations | |  0.2
Transmutations | |  0.2
Fire Magic     | |  0.2
Ice Magic      | |  0.2
Air Magic      | |  0.2
Earth Magic    | |  0.2
Poison Magic   | |  0.2
Invocations    | |  0.5
Evocations     | |  2.5

Action                     || total
---------------------------++-------
  Melee: Mace              ||    48
         Bite              ||     3
    Use: Potion            ||     2
         Scroll            ||     1
 Armour: Chain mail        ||    55
  Dodge: Dodged            ||    17
  Block: Buckler           ||    11
